[Event "Team 45 45 League T59"]
[Site "Internet Chess Club"]
[Date "2014.01.26"]
[Round "9"]
[White "artspir"]
[Black "wildangels"]
[Result "0-1"]
[WhiteElo "1237"]
[BlackElo "1107"]
[Opening "Queen's bishop game"]
[ECO "D02"]
[Time "10:00:08"]
[TimeControl "2700+45"]

1. d4 Nf6 2. Nf3 d5 3. Bf4 Nc6 4. c3 e6 5. h3 Bd6 6. Bh2 b5 7. Nbd2 Ne4 8. e3 a6
9. Bd3 Na5 10. O-O Ng5 11. Nxg5 Qxg5 12. Nf3 Qe7 13. a3 Bxh2+ 14. Kxh2 c5 15.
Qc2 c4 16. Be2 Bb7 17. a4 b4 18. cxb4 Qxb4 19. Nd2 Qd6+ 20. f4 f6 21. e4 O-O 22.
e5 Qc7 23. f5 fxe5 24. dxe5 Qxe5+ 25. Kg1 Qxe2 26. Rae1 Qd3 27. Qxd3 cxd3 28.
Rxe6 Nc4 29. Nxc4 dxc4 30. Re7 Bd5 31. Rf4 d2 32. Rd4 c3 33. bxc3 Rxf5 34. Rxd2
Raf8 35. c4 Rf1+ 36. Kh2 Bxc4 37. Rdd7 R1f7 38. Rxf7 Bxf7 39. Rd6 a5 40. Ra6 h6
41. Rxa5 Bc4 42. Ra7 Rf2 43. Kg1 Ra2 44. a5 Bd5 45. Rd7 Bxg2 46. a6 Bxh3 47. a7
Bxd7 48. a8=Q+ Rxa8 49. Kf2 Ra4 50. Ke3 h5 {White resigns} 0-1

[Event "Team 45 45 League T59"]
[Site "Internet Chess Club"]
[Date "2014.01.26"]
[Round "9"]
[White "mongmong"]
[Black "losscause"]
[Result "1/2-1/2"]
[WhiteElo "1662"]
[BlackElo "1606"]
[Opening "Queen's pawn"]
[ECO "A40"]
[Time "18:02:56"]
[TimeControl "2700+45"]

1. d4 e6 2. Nf3 d5 3. e3 c5 4. c3 Qc7 5. Nbd2 Nd7 6. Bd3 Bd6 7. Qe2 Ngf6 8. O-O
O-O 9. e4 dxe4 10. Nxe4 Nxe4 11. Bxe4 cxd4 12. cxd4 Nf6 13. Bd3 b6 14. Be3 Bb7
15. h3 Rac8 16. Rfc1 Qd7 17. Ba6 Rxc1+ 18. Rxc1 Rc8 19. Rxc8+ Qxc8 20. Bxb7 Qxb7
21. Qc2 Qc7 22. Qxc7 Bxc7 23. b3 Nd5 24. Bd2 Bd6 25. Ne1 f6 26. Nd3 a6 27. f3
Kf7 28. Kf2 h5 29. Ke2 e5 30. dxe5 fxe5 31. Be3 g6 32. Bd2 a5 33. Be3 Ke6 34.
Bd2 Kf5 35. Nb2 Nf4+ 36. Bxf4 Kxf4 37. Nd3+ Kf5 38. Nb2 e4 39. Na4 exf3+ 40.
Kxf3 Bc7 41. g4+ hxg4+ 42. hxg4+ Ke5 43. Ke3 g5 44. Nb2 {Game drawn by mutual
agreement} 1/2-1/2

[Event "Team 45 45 League T59"]
[Site "Internet Chess Club"]
[Date "2014.01.24"]
[Round "9"]
[White "TwinsburgOHUSA"]
[Black "pcvan"]
[Result "0-1"]
[WhiteElo "1504"]
[BlackElo "1474"]
[Opening "King's Indian: London system"]
[ECO "A48"]
[Time "21:30:11"]
[TimeControl "2700+45"]

1. d4 Nf6 2. Nf3 g6 3. Bf4 Bg7 4. e3 O-O 5. Nbd2 d5 6. h3 Bf5 7. Nh4 Be6 8. Be2
Ne4 9. c3 h6 10. Bh2 Nd7 11. Qc2 Nxd2 12. Kxd2 Nf6 13. Bd3 c5 14. Bxg6 fxg6 15.
Nxg6 Ne4+ 16. Kc1 Rxf2 17. Qd1 Rxg2 18. Ne5 Qf8 19. Rf1 Rf2 20. Bf4 Rxf1 21.
Qxf1 Qf5 22. Kc2 Ng3+ {White resigns} 0-1

[Event "Team 45 45 League T59"]
[Site "Internet Chess Club"]
[Date "2014.01.28"]
[Round "9"]
[White "ChessMaine"]
[Black "g8wrb"]
[Result "1-0"]
[WhiteElo "1492"]
[BlackElo "1447"]
[Opening "Queen's Pawn"]
[ECO "A41"]
[Time "06:03:11"]
[TimeControl "2700+45"]

1. d4 d6 2. Nf3 Nf6 3. Bg5 h6 4. Bh4 b6 5. Nbd2 Ba6 6. c4 Qd7 7. e3 Nc6 8. Qa4
Na5 9. Qxd7+ Nxd7 10. b4 Nxc4 11. Bxc4 Bxc4 12. Nxc4 e6 13. a3 d5 14. Nce5 Nf6
15. Bxf6 gxf6 16. Nc6 Bd6 17. Ke2 Rg8 18. g3 a5 19. b5 Rg4 20. a4 Rg8 21. Nd2
Rg4 22. h3 Rg8 23. e4 Rg5 24. Nf3 dxe4 25. Nxg5 hxg5 26. g4 Kf8 27. h4 Kg7 28.
hxg5 fxg5 29. Rh5 f6 30. Rah1 Kg6 31. Rh8 Rxh8 32. Rxh8 Kg7 33. Rh3 Bf4 34. Rh1
Kf7 35. Rd1 Bd6 36. f3 exf3+ 37. Kxf3 Ke8 38. Ke4 Kf7 39. Rf1 Bf4 40. Rd1 Bd6
41. Rh1 Kg7 42. d5 e5 43. Kf5 Bf8 44. Nd8 Bd6 45. Ne6+ Kf7 46. Rc1 Ke7 47. Nxc7
Bc5 48. Ne6 Kd6 49. Nxc5 bxc5 50. b6 {Black resigns} 1-0

[Event "Team 45 45 League T59"]
[Site "Internet Chess Club"]
[Date "2014.01.25"]
[Round "9"]
[White "guyd52"]
[Black "Visin"]
[Result "0-1"]
[WhiteElo "1306"]
[BlackElo "1382"]
[Opening "Réti opening"]
[ECO "A04"]
[Time "06:00:18"]
[TimeControl "2700+45"]

1. Nf3 Nc6 2. g3 d5 3. Bg2 Nf6 4. d3 e6 5. O-O Be7 6. Nbd2 O-O 7. a3 b6 8. b4
Bb7 9. Bb2 Qd6 10. Re1 Rab8 11. e4 dxe4 12. Nxe4 Nxe4 13. Rxe4 f5 14. Re3 Bf6
15. Bxf6 Rxf6 16. Ng5 h6 17. Nh3 e5 18. c3 Kf8 19. Qc2 f4 20. Re2 f3 21. Re3
fxg2 22. Kxg2 Nxb4+ {White resigns} 0-1